 Dungeon Crawl Stone Soup version 0.24.1-14-gf8d2b509d9 (webtiles) character file.

Game seed: 1784387301944988815, levelgen mode: deterministic

39916 rjrrt the Destroyer (level 13, -1/75 HPs)
             Began as a Deep Elf Fire Elementalist on Aug 29, 2021.
             Was a High Priest of Vehumet.
             Hit by a silver javelin thrown by a minotaur (29 damage)
             ... in a Gauntlet.
             The game lasted 01:15:50 (22908 turns).

rjrrt the Destroyer (Deep Elf Fire Elementalist)   Turns: 22908, Time: 01:15:51

Health: -1/75      AC: 13    Str: 11    XL:     13   Next: 71%
Magic:  2/31       EV: 18    Int: 29    God:    Vehumet [*****.]
Gold:   1022       SH:  0    Dex: 15    Spells: 5/36 levels left

rFire    + . .     SeeInvis .   a - +3 whip (elec)
rCold    . . .     Gourm    .   (no shield)
rNeg     . . .     Faith    .   G - +2 leather armour {rPois}
rPois    +         Spirit   .   l - +2 helmet {Int+3}
rElec    .         Reflect  .   t - +2 cloak
rCorr    +         Harm     .   r - +0 pair of gloves
MR       +....     NoTele   +   e - +0 pair of boots
Stlth    ++........             (no amulet)
HPRegen  0.22/turn              q - ring of protection from fire
MPRegen  0.22/turn              v - ring "Kikiloep" {rCorr Str+6}

@: no status effects
A: no striking features
a: Renounce Religion


You were in a Gauntlet.
You worshipped Vehumet.
Vehumet was extremely pleased with you.
You were not hungry.

You visited 3 branches of the dungeon, and saw 18 of its levels.
You also visited: Gauntlet.

You collected 1022 gold pieces.

Inventory:

Hand Weapons
 a - a +3 whip of electrocution (weapon)
 w - a +0 trident
Missiles
 x - 10 curare-tipped darts (quivered)
Armour
 e - a +0 pair of boots (worn)
 l - a +2 helmet of intelligence (worn)
 r - a +0 pair of gloves (worn)
 t - a +2 cloak (worn)
 G - a +2 leather armour of poison resistance (worn)
Jewellery
 q - a ring of protection from fire (left hand)
 s - an uncursed ring of flight
 v - the ring "Kikiloep" (right hand) {rCorr Str+6}
   (You found it on level 10 of the Dungeon)

   [ring of resist corrosion]

   It affects your strength (+6).
   It provides partial protection from all sources of acid and corrosion.
 I - an uncursed ring of positive energy
Wands
 F - a wand of iceblast (17)
Scrolls
 d - 6 scrolls of blinking
 g - 6 scrolls of teleportation
 j - 2 scrolls of fog
 y - a scroll of amnesia
 A - 2 scrolls of enchant weapon
 C - 2 scrolls of magic mapping
 D - 3 scrolls of remove curse
 E - a scroll of enchant armour
 H - 3 scrolls of identify
Potions
 b - 4 potions of mutation
 f - 4 potions of heal wounds
 h - 9 potions of curing
 i - 2 potions of invisibility
 m - a potion of haste
 o - 4 potions of flight
 p - a potion of agility
 u - 2 potions of resistance
 z - a potion of berserk rage
 B - 2 potions of brilliance
 J - a potion of might
 K - 2 potions of cancellation
Comestibles
 c - 22 rations
 n - 2 chunks of flesh


   Skills:
 + Level 6.5 Fighting
 + Level 9.9 Dodging
 - Level 2.4 Stealth
 + Level 12.1 Spellcasting
 * Level 13.8 Conjurations
 - Level 4.3 Summonings
 + Level 3.3 Necromancy
 * Level 13.3 Fire Magic
 + Level 4.2 Earth Magic
 - Level 4.0 Evocations


You had 5 spell levels left.
You knew the following spells:

 Your Spells              Type           Power        Failure   Level  Hunger
a - Flame Tongue          Conj/Fire      #####        0%          1    None
b - Conjure Flame         Conj/Fire      #######.     1%          3    None
c - Sticky Flame          Conj/Fire      #######.     1%          4    None
d - Fireball              Conj/Fire      #######...   1%          5    ##.....
e - Throw Flame           Conj/Fire      ######       0%          2    None
f - Bolt of Draining      Conj/Necr      ######....   1%          5    ##.....
i - Throw Icicle          Conj/Ice       ######..     1%          4    None
m - Bolt of Magma         Conj/Fire/Erth ######....   1%          5    ##.....
p - Apportation           Tloc           ###...       4%          1    None
U - Summon Butterflies    Summ           #####...     1%          1    None

Your spell library contained the following spells:

 Spells                   Type           Power        Failure   Level  Hunger
 Inner Flame              Hex/Fire       ######..     1%          3    None
 Beastly Appendage        Tmut           ###...       4%          1    None
 Sticks to Snakes         Tmut           ###.....     6%          2    None
 Lesser Beckoning         Tloc           ###.......   12%         3    None
 Spider Form              Tmut/Pois      ###.......   12%         3    None
 Tukima's Dance           Hex            ###.....     12%         3    None
 Ice Form                 Ice/Tmut       ###.....     36%         4    None
 Alistair's Intoxication  Tmut/Pois      ###.....     73%         5    ##.....
 Blade Hands              Tmut           ###.......   73%         5    ##.....
 Invisibility             Hex            ###.....     99%         6    ####...


Dungeon Overview and Level Annotations

Branches:
Dungeon (11/15)            Temple (1/1) D:5            Lair (6/6) D:8
  Swamp (0/4) Lair:4       Spider (0/4) Lair:2        Slime (0/5) Lair:5
Gauntlet (1/1)
    Orc: D:9-12

Altars:
Cheibriados
Dithmenos
Elyvilon
Fedhas
Gozag
Hepliaklqana
Kikubaaqudgha
Makhleb
Okawaru
Qazlal
Ru
Sif Muna
Vehumet
Wu Jian
Xom
Zin

Shops:
D:9 *

Annotations:
Lair:4 2 transporters, cstieg1's ghost, journeyman DEFE
Lair:5 1 runed translucent door, exclusion: oklob plant, Qeimiotua's ghost, journeyman MiFi
Lair:6 3 runed translucent doors, cstieg1's ghost, journeyman DEFE Gauntlet 7 transporters, 3 runed translucent doors


Message History

Confirm with . or Enter, or press ? or * to list all spells.
Aiming: Fireball (safe; 1% risk of failure)
Press: ? - help, Shift-Dir - straight line, f/p - minotaur
Aim: a minotaur, wielding a +0 quarterstaff and wearing a +0 plate armour (heavily wounded)
The fireball explodes!
The fireball engulfs the minotaur!!
The minotaur is severely wounded.
Unknown command.
Casting: Fireball (safe; 1% risk of failure)
Confirm with . or Enter, or press ? or * to list all spells.
Aiming: Fireball (safe; 1% risk of failure)
Press: ? - help, Shift-Dir - straight line, f/p - minotaur
Aim: a minotaur, wielding a +0 quarterstaff and wearing a +0 plate armour (severely wounded)
The fireball explodes!
The fireball engulfs the minotaur!
The minotaur is almost dead.
The minotaur throws a silver javelin.
The silver javelin pierces through you!
Unknown command.
Unknown command.
The minotaur throws a silver javelin.
The silver javelin pierces through you!!
You die...

.P♣P..♣P.P♣P.P♣...........♣P..♣..
...............P....∩...P........
≈#≈≈≈#≈≈≈#≈≈≈#..♣.......♣..#≈≈≈#≈
###≈###≈###≈###...........###≈###
### ### ##################### #
.................#
#.♣.♣.©.©.©.©.♣.♣
#...(.............#
###@###.###.##### ###(###.###.###
#.............# #.###.###.###.#
#.............# #######H#######
.# .. .⌠+


You could see a minotaur.

Vanquished Creatures
  Snorg (D:10)
  Harold (D:9)
  8 hydras
  3 death yaks
  Sonja (D:10)
  An unseen horror (D:10)
  A cyclops (D:10)
  Joseph (Lair:1)
  8 black mambas
  11 spiny frogs
  A rime drake (Lair:5)
  3 komodo dragons
  An ice devil (Gauntlet)
  A troll (D:9)
  2 tyrant leeches
  Grinder (D:3)
  2 polar bears
  16 blink frogs
  Prince Ribbit (D:6)
  4 hippogriffs
  3 redbacks (Lair:2)
  35 yaks
  4 hogs (D:7)
  A neqoxec (Gauntlet)
  A hungry ghost (D:10)
  2 steam dragons (D:10)
  A human (D:7)
  5 chaos spawn
  Menkaure (D:7)
  5 swamp worms
  9 water moccasins
  8 porcupines
  2 ice beasts
  2 orc warriors (D:9)
  A sky beast (D:7)
  3 black bears
  3 phantoms
  A necrophage (D:6)
  9 wolves
  5 ogres
  11 crocodiles
  7 centaurs
  A big kobold (D:9)
  12 bullfrogs
  A gnoll sergeant (D:5)
  A wyvern skeleton (D:7)
  2 scorpions
  11 killer bees
  10 wights
  An electric eel (Lair:2)
  3 howler monkeys
  2 crimson imps
  A centaur zombie (D:5)
  A quasit (D:6)
  A bullfrog skeleton (D:9)
  7 orc priests
  3 hounds
  13 jellies
  2 bullfrog zombies
  Crazy Yiuf (D:3)
  A gnoll shaman (D:4)
  9 orc wizards
  2 centaur skeletons
  3 iguanas
  7 hell rats
  7 worker ants
  A hound skeleton (D:7)
  A worker ant zombie (D:7)
  A howler monkey zombie (D:7)
  Robin (D:2)
  10 gnolls
  9 adders
  A howler monkey skeleton (D:7)
  4 river rats (D:7)
  A shadow imp (D:5)
  3 white imps (Gauntlet)
  3 oozes
  An adder skeleton (D:9)
  3 worms
  5 dart slugs
  3 leopard geckos
  37 orcs
  2 giant cockroaches
  19 goblins
  10 hobgoblins
  11 jackals
  9 kobolds
  A quokka (D:4)
  4 ball pythons
  9 bats
  6 frilled lizards
  A quokka skeleton (D:5)
  21 rats
  A fungus (D:3)
467 creatures vanquished.

Vanquished Creatures (others)
  3 fungi
  8 plants (D:8)
11 creatures vanquished.

Grand Total: 478 creatures vanquished

Notes
Turn   | Place    | Note
-------+----------+-------------------------------------------
     0 | D:1      | rjrrt the Deep Elf Fire Elementalist began the quest for
                  | the Orb.
     0 | D:1      | Reached XP level 1. HP: 10/10 MP: 6/6
   194 | D:1      | Reached XP level 2. HP: 15/15 MP: 4/8
   597 | D:1      | Reached XP level 3. HP: 19/19 MP: 8/10
   602 | D:1      | Learned a level 3 spell: Conjure Flame
  1200 | D:2      | Reached XP level 4. HP: 24/24 MP: 8/11
  1208 | D:2      | Learned a level 4 spell: Sticky Flame
  1622 | D:2      | Noticed Robin
  1627 | D:2      | Killed Robin
  2067 | D:3      | Reached XP level 5. HP: 28/28 MP: 7/13
  2575 | D:3      | Found a runed translucent door.
  2576 | D:3      | Noticed Crazy Yiuf
  2585 | D:3      | Killed Crazy Yiuf
  2585 | D:3      | Reached XP level 6. HP: 32/32 MP: 5/15
  2891 | D:3      | Reached skill level 5 in Spellcasting
  2895 | D:3      | Noticed Grinder
  2930 | D:3      | HP: 1/32 [Grinder (1)]
  3329 | D:4      | Reached skill level 5 in Conjurations
  3546 | D:4      | Learned a level 5 spell: Fireball
  3898 | D:5      | Entered Level 5 of the Dungeon
  3957 | D:5      | Reached skill level 5 in Fire Magic
  4444 | D:3      | Killed Grinder
  4444 | D:3      | Reached XP level 7. HP: 16/36 MP: 2/18
  5112 | D:5      | Reached XP level 8. HP: 33/41 MP: 10/20
  6226 | D:5      | Found a staircase to the Ecumenical Temple.
  6291 | Temple   | Entered the Ecumenical Temple
  6330 | Temple   | Became a worshipper of Vehumet
  6530 | D:6      | Reached skill level 1 in Fighting
  6927 | D:6      | Noticed Prince Ribbit
  7181 | D:6      | Killed Prince Ribbit
  7181 | D:6      | Reached XP level 9. HP: 23/48 MP: 14/22
  7232 | D:6      | Learned a level 2 spell: Throw Flame
  7529 | D:6      | Found a faded altar of an unknown god.
  7529 | D:6      | Found a stormy altar of Qazlal.
  7535 | D:6      | Found a sacrificial altar of Ru.
  7537 | D:6      | Found a burning altar of Makhleb.
  7538 | D:6      | Found a faded altar of an unknown god.
  7929 | D:7      | You fall into a shaft and drop 1 floor!
  7929 | D:8      | Found an opulent altar of Gozag.
  7932 | D:8      | You fall into a shaft and drop 2 floors!
  7932 | D:10     | Entered Level 10 of the Dungeon
  7946 | D:9      | Noticed a troll
  8553 | D:7      | Found a glowing silver altar of Zin.
  8555 | D:7      | Noticed an angel
  8572 | D:7      | Noticed Menkaure
  8729 | D:7      | Reached skill level 5 in Dodging
  8733 | D:7      | Reached * piety under Vehumet
  8733 | D:7      | Offered knowledge of Sting by Vehumet.
  9178 | D:7      | Reached XP level 10. HP: 56/56 MP: 9/24
  9334 | D:7      | Found the +2 ratskin cloak {+Rats rPois rN+ Str-1 Int-1
                  | Dex+1}
  9467 | D:7      | Killed Menkaure
  9575 | D:7      | Reached ** piety under Vehumet
  9616 | D:7      | Found a shimmering altar of Xom.
  9732 | D:7      | Offered knowledge of Searing Ray by Vehumet.
  9870 | D:8      | Reached skill level 10 in Conjurations
 10370 | D:8      | Found a shadowy altar of Dithmenos.
 10439 | D:8      | Found a staircase to the Lair.
 10561 | Lair:1   | Entered Level 1 of the Lair of Beasts
 11083 | Lair:1   | Noticed Joseph
 11269 | Lair:2   | Reached skill level 10 in Fire Magic
 11344 | Lair:2   | Offered knowledge of Dazzling Spray by Vehumet.
 11609 | Lair:2   | Reached *** piety under Vehumet
 11695 | Lair:2   | Reached XP level 11. HP: 61/61 MP: 21/26
 11706 | Lair:2   | Learned a level 1 spell: Summon Butterflies
 11708 | Lair:2   | Learned a level 1 spell: Apportation
 11767 | Lair:2   | Noticed a five-headed hydra
 11782 | Lair:2   | Killed a five-headed hydra
 11782 | Lair:2   | Reached skill level 1 in Summonings
 12184 | Lair:1   | Reached skill level 10 in Spellcasting
 12553 | Lair:1   | Offered knowledge of Throw Icicle by Vehumet.
 12559 | Lair:1   | Learned a level 4 spell: Throw Icicle
 12615 | Lair:1   | Killed Joseph
 13056 | Lair:2   | Found a hole to the Spider Nest.
 13532 | Lair:2   | Noticed a seven-headed hydra
 13541 | Lair:2   | Killed a seven-headed hydra
 13977 | Lair:3   | Reached skill level 5 in Fighting
 14195 | Lair:3   | Noticed a death yak
 14196 | Lair:3   | Noticed a death yak
 14210 | Lair:3   | Noticed a death yak
 14211 | Lair:3   | Killed a death yak
 14423 | Lair:3   | Noticed a death yak
 14423 | Lair:3   | Noticed a death yak
 14919 | Lair:3   | Reached XP level 12. HP: 36/68 MP: 15/28
 15185 | Lair:3   | Noticed a death yak
 15352 | Lair:4   | Reached **** piety under Vehumet
 15430 | Lair:4   | Noticed an eight-headed hydra
 15438 | Lair:4   | Killed an eight-headed hydra
 15979 | Lair:4   | Noticed a six-headed hydra
 15985 | Lair:4   | Killed a six-headed hydra
 16220 | Lair:4   | Noticed a five-headed hydra
 16392 | Lair:4   | Noticed a five-headed hydra
 16393 | Lair:4   | Noticed cstieg1's ghost (journeyman DEFE)
 16400 | Lair:4   | Found a transporter.
 16426 | Lair:4   | Offered knowledge of Bolt of Magma by Vehumet.
 16436 | Lair:4   | Learned a level 5 spell: Bolt of Magma
 16439 | Lair:4   | Found a transporter.
 16705 | Lair:4   | Killed a five-headed hydra
 16705 | Lair:4   | Reached skill level 1 in Earth Magic
 16761 | Lair:4   | Reached skill level 1 in Evocations
 17207 | Lair:4   | Found a staircase to the Swamp.
 17309 | Lair:5   | Noticed a five-headed hydra
 17317 | Lair:5   | Killed a five-headed hydra
 17436 | Lair:5   | Found a runed translucent door.
 17444 | Lair:5   | Found a shimmering altar of Xom.
 17444 | Lair:5   | Noticed Qeimiotua's ghost (journeyman MiFi)
 18388 | Lair:5   | Found a staircase to the Slime Pits.
 18598 | Lair:5   | Noticed a five-headed hydra
 18625 | Lair:5   | Killed a five-headed hydra
 18863 | Lair:5   | Reached XP level 13. HP: 70/74 MP: 13/30
 19011 | Lair:5   | Reached ***** piety under Vehumet
 19011 | Lair:5   | Offered knowledge of Bolt of Draining by Vehumet.
 19078 | Lair:5   | Learned a level 5 spell: Bolt of Draining
 19328 | Lair:6   | Entered Level 6 of the Lair of Beasts
 19337 | Lair:6   | Found a runed translucent gate.
 19338 | Lair:6   | Found a runed translucent gate.
 19339 | Lair:6   | Found a runed translucent gate.
 19341 | Lair:6   | Noticed cstieg1's ghost (journeyman DEFE)
 19630 | Lair:6   | Reached skill level 1 in Necromancy
 20365 | D:9      | Found Yreg's Mass Market.
 21147 | D:9      | Noticed Harold
 21168 | D:9      | Killed Harold
 21270 | D:9      | Found a shimmering altar of Xom.
 21329 | D:9      | Found the +7 mace of Variability {chain chaos}
 21415 | D:10     | Noticed Snorg
 21518 | D:10     | Noticed Sonja
 21730 | D:10     | Killed Snorg
 21940 | D:10     | Killed Sonja
 22047 | D:10     | Got a scintillating glass ring
 22049 | D:10     | Identified the ring "Kikiloep" {rCorr Str+6} (You found it
                  | on level 10 of the Dungeon)
 22432 | D:11     | Found a gate leading to a gauntlet.
 22468 | Gauntlet | Entered a Gauntlet
 22468 | Gauntlet | Found a transporter.
 22477 | Gauntlet | Found a transporter.
 22479 | Gauntlet | Found a transporter.
 22499 | Gauntlet | Found a transporter.
 22512 | Gauntlet | Found a transporter.
 22529 | Gauntlet | Found a transporter.
 22539 | Gauntlet | Found a transporter.
 22549 | Gauntlet | Found a transporter.
 22554 | Gauntlet | Noticed a death ooze
 22564 | Gauntlet | Found a transporter.
 22578 | Gauntlet | Found a runed translucent gate.
 22581 | Gauntlet | Found a runed translucent gate.
 22581 | Gauntlet | Found a transporter.
 22581 | Gauntlet | Found a transporter.
 22583 | Gauntlet | Found a runed translucent gate.
 22725 | Gauntlet | Found a transporter.
 22725 | Gauntlet | Found a transporter.
 22819 | Gauntlet | Got a transparent cloak
 22867 | Gauntlet | Identified the +0 cloak of Too Many Cooks {Slay+2} (You
                  | found it in a Gauntlet)
 22894 | Gauntlet | Noticed a minotaur
 22908 | Gauntlet | Hit by a silver javelin thrown by a minotaur

Levels and vault maps discovered:
D:1:      sevenhm_arrival_forest_fort_large_1, layout_basic,
          hangedman_decor_slide_cut, serial_park_tiny_pond
D:2:      minmay_skewed_foursquare, layout_basic, first_ration, uniq_robin
D:3:      layout_loops_ring, eino_tiny_chamber, uniq_grinder,
          uniq_crazy_yiuf_cottage
D:4:      minmay_razor_zed, layout_cave_pods
D:5:      layout_cave_pools, minmay_temple_entry_statues_fountains
D:6:      layout_cave_pools, chequers_temple_overflow_minitemple,
          uniq_prince_ribbit1
D:7:      wander_guarded_unrand_ratskin, layout_basic,
          grunt_temple_overflow_order_and_chaos_1, grunt_livestock,
          uniq_menkaure
D:8:      layout_rooms, amethyst_overflow_temple_binary, david_lair_shrubbed
D:9:      layout_small_grid, minmay_shop_mass,
          minmay_guarded_unrand_variability, uniq_harold
D:10:     layout_cave_pools, chequers_decorated_corner, uniq_snorg, uniq_sonja
D:11:     layout_cave_pools, erik_orc_1, gauntlet_entry_generic,
          kennysheep_generic_room_15
Temple:   regret_index_temple_waves
Lair:1:   layout_cave_pods, uniq_joseph
Lair:2:   layout_cave_pods, spider_nest_entry_webs, serial_bayou_shore_a
Lair:3:   layout_gridlike, grunt_megastairs_2
Lair:4:   layout_gridlike, palyth_hydra_swamp_entry,
          gammafunk_ghost_berserking_beasts
Lair:5:   layout_gridlike, minmay_slime_entry_jelly_boxes, ebering_ghost_xom,
          st_stairs_12
Lair:6:   cheibrodos_lair_end_hotspot, layout_regular_city,
          ebering_ghost_rock_garden, nicolae_quartered_pool_medium, st_stairs_3
Gauntlet: minmay_gauntlet_77_tree [minmay_gauntlet_arena_77_fan,
          minmay_gauntlet_arena_77_run_for_it,
          minmay_gauntlet_arena_77_radiant_squares,
          minmay_gauntlet_arena_77_p_blocks,
          minmay_gauntlet_arena_77_hold_the_fort,
          minmay_gauntlet_arena_77_mirror,
          minmay_gauntlet_arena_77_broken_ladder, gauntlet_exit_hidden_loot]

Skill      XL: |  1  2  3  4  5  6  7  8  9 10 11 12 13 |
---------------+----------------------------------------+-----
Conjurations   | 2 3 4 6 7 8 9 11 12 13 | 13.8
Spellcasting   | 4 6 7 8 9 10 11 12 | 12.1
Fire Magic     | 4 5 6 7 8 10 11 12 13 | 13.3
Dodging        | 4 5 6 8 9 |  9.9
Fighting       | 2 3 4 5 6 |  6.5
Summonings     | 3 4 |  4.3
Earth Magic    | 2 4 |  4.2
Evocations     | 2 4 |  4.0
Necromancy     | 3 |  3.3
Stealth        | |  2.4

Action                   |  1- 3 |  4- 6 |  7- 9 | 10-12 | 13-15 || total
-------------------------+-------+-------+-------+-------+-------++-------
Melee: Quarterstaff      |     1 |    12 |       |       |       ||    13
       Unarmed           |       |       |     1 |       |       ||     1
       Whip              |       |       |    26 |    40 |    29 ||    95
Throw: Dart              |       |     5 |     3 |    21 |       ||    29
 Cast: Flame Tongue      |    45 |   136 |   225 |   366 |   113 ||   885
       Conjure Flame     |     1 |     4 |     5 |    17 |     3 ||    30
       Sticky Flame      |       |     4 |    20 |    61 |    21 ||   106
       Fireball          |       |     1 |    11 |    46 |    57 ||   115
       Throw Flame       |       |       |     2 |    61 |    24 ||    87
       Throw Icicle      |       |       |       |    26 |     4 ||    30
       Bolt of Draining  |       |       |       |       |    12 ||    12
       Bolt of Magma     |       |       |       |       |     5 ||     5
  Use: Potion            |       |     3 |       |     1 |       ||     4
       Scroll            |       |     2 |    11 |     6 |     5 ||    24
  Eat: Chunk             |     1 |    10 |     9 |    30 |    10 ||    60
       Ration            |       |       |     3 |     2 |     3 ||     8
Armor: Robe              |     5 |     6 |    29 |     1 |       ||    41
       Leather armour    |       |       |       |    29 |    20 ||    49
Dodge: Dodged            |     6 |    21 |    88 |   127 |    57 ||   299
